 Dungeon Crawl Stone Soup version 0.28-a0-1510-gd0f6b136d3 (webtiles) character file.

Game seed: 7800520032706331587

54 Armakuni the Skirmisher (level 3, -1/23 HPs)
             Began as a Deep Elf Fighter on Jan 15, 2022.
             Was an Initiate of Vehumet.
             Slain by a scorpion (8 damage)
             ... on level 2 of the Dungeon.
             The game lasted 00:02:34 (1268 turns).

Armakuni the Skirmisher (Deep Elf Fighter)          Turns: 1268, Time: 00:02:35

Health: -1/23      AC:  6    Str: 15    XL:     3   Next: 66%
Magic:  5/5        EV:  8    Int: 12    God:    Vehumet [......]
Gold:   44         SH:  6    Dex: 14    Spells: 2/2 levels left

rFire   . . .      SeeInvis .   a - +0 flail
rCold   . . .      Faith    .   c - +1 buckler
rNeg    . . .      Spirit   .   b - +0 scale mail
rPois   .          Reflect  .   (no helmet)
rElec   .          Harm     .   (no cloak)
rCorr   .          Rampage  .   (no gloves)
Will    .....                   (no boots)
Stlth   ..........              (no amulet)
HPRegen 0.07/turn               (no ring)
MPRegen 0.09/turn               (no ring)

@: no status effects
A: no striking features
a: Renounce Religion


You were on level 2 of the Dungeon.
You worshipped Vehumet.
Vehumet was noncommittal.
You visited 1 branch of the dungeon, and saw 2 of its levels.

You collected 44 gold pieces.

Inventory:

Hand Weapons
 a - a +0 flail (weapon)
Armour
 b - a +0 scale mail (worn)
 c - a +1 buckler (worn)
Scrolls
 e - a scroll of magic mapping {unknown}
Potions
 d - 2 potions of might
 f - a potion of berserk rage {unknown}


   Skills:
 + Level 3.2 Fighting
 - Level 1.3 Maces & Flails
 - Level 2.4 Armour
 + Level 3.2 Shields


You had 2 spell levels left.
You didn't know any spells.
Your spell library was empty.

Dungeon Overview and Level Annotations

Branches:
Dungeon (2/15)

Altars:
Vehumet

Shops:
D:1 =


Message History

You hit the dart slug.
The dart slug is heavily wounded.
The dart slug bites you but does no damage.
You thump the dart slug!
You kill the dart slug!
Vehumet accepts your kill.
No target in view!
No target in view!
e - a scroll labelled YSY VUNOIQ A scorpion comes into view.
Throw: 2 darts (poison)
Press: ? - help, Q - select action Shift-Dir - straight line, f - scorpion
Aim: a scorpion (59% to hit)
You throw a poisoned dart. The poisoned dart hits the scorpion.
Throw: dart (poison)
Press: ? - help, Q - select action Shift-Dir - straight line, f/p - scorpion
Aim: a scorpion (59% to hit)
You throw a poisoned dart. The poisoned dart hits the scorpion.
The scorpion is poisoned.
The scorpion stings you.
You hit the scorpion.
The scorpion is moderately wounded.
You block the scorpion's attack. x2
You completely miss the scorpion.
The scorpion is heavily wounded.
The scorpion stings you. You block the scorpion's attack.
You hit the scorpion but do no damage.
The scorpion is heavily wounded.
The scorpion looks more healthy.
The scorpion stings you.
You hit the scorpion but do no damage.
The scorpion is severely wounded.
The scorpion barely misses you.
The scorpion stings you but does no damage.
You completely miss the scorpion.
The scorpion is severely wounded.
The scorpion stings you.
You closely miss the scorpion.
The scorpion is severely wounded.
The scorpion stings you!
You die...

#######. #..
.... #.##... ##
#.. ....... ...
#.# #.#.#.# ....
#.# #.#.#.##.(8♣
#.#
####.#.#..(..♣
#.#
##.......@s'..♣
#.#
#...#.#.#..#..8♣
#.###...#.#.#.##
...
#.#.........#.#
.
#...........#..
###........####
###.....##
#...### ##.##


You could see a scorpion.

Vanquished Creatures
  2 adders (D:2)
  A gnoll (D:1)
  2 dart slugs
  3 ball pythons
  2 endoplasms (D:1)
  2 giant cockroaches (D:1)
  A goblin (D:1)
  2 hobgoblins
  A quokka (D:2)
  2 bats (D:1)
  A frilled lizard (D:1)
  2 kobolds
  A spectral hobgoblin (D:1)
22 creatures vanquished.

Notes
Turn   | Place    | Note
-------+----------+-------------------------------------------
     0 | D:1      | Armakuni the Deep Elf Fighter began the quest for the Orb.
     0 | D:1      | Reached XP level 1. HP: 13/13 MP: 3/3
    62 | D:1      | Reached XP level 2. HP: 14/18 MP: 4/4
   339 | D:1      | Found Jaklun's Jewellery Boutique.
   376 | D:1      | Found a faded altar of an unknown god.
   923 | D:2      | Found a radiant altar of Vehumet.
   926 | D:2      | Reached XP level 3. HP: 20/23 MP: 5/5
  1023 | D:2      | Became a worshipper of Vehumet
  1259 | D:2      | Noticed a scorpion
  1268 | D:2      | Slain by a scorpion

Illustrated notes

Levels and vault maps discovered:
D:1:      lemuel_arrival_muddy, layout_basic,
          dreamdust_ecumenical_altar_drowned_temple, serial_shops, shop,
          minmay_tree_intersection
D:2:      layout_loops_ring, basic_altar, chequers_mini_garden,
          kennysheep_generic_room_6

Skill      XL: |  1  2 |
---------------+-------+-----
Fighting       | 3 |  3.2
Shields        | 3 |  3.2
Maces & Flails | |  1.3
Armour         | |  2.4

Action                   || total
-------------------------++-------
Melee: Flail             ||    61
Throw: Dart              ||     6
  Use: Potion            ||     1
       Scroll            ||     1
Armor: Scale mail        ||    33
Dodge: Dodged            ||    22
Block: Buckler           ||    20

Table legend: (Time is in decaauts)
 A = Elapsed time spent in this place.
 B = Non-inter-level travel time spent in this place.
 C = Inter-level travel time spent in this place.
 D = Time resting spent in this place.
 E = Time spent auto-exploring this place.
 F = Levels seen in this place.
 G = Mean time per level.
                   A        B        C        D        E       F      G
               +--------+--------+--------+--------+--------+-----+--------+
         Total |   1296 |   1272 |     24 |    409 |    604 |   2 |  648.0 |
       Dungeon |   1296 |   1272 |     24 |    409 |    604 |   2 |  648.0 |
               +--------+--------+--------+--------+--------+-----+--------+

Top non-repeatable levels by time:
     D:1: 888 daAuts
     D:2: 408 daAuts
